 Dungeon Crawl Stone Soup version 0.22.0-49-gab54619 (webtiles) character file.

1028 yevrey the Scratcher (level 8, -13/32 (33) HPs)
             Began as a Felid Transmuter on Sept 2, 2018.
             Mangled by Prince Ribbit (16 damage)
             ... on level 7 of the Dungeon on Sept 3, 2018.
             The game lasted 00:29:52 (8838 turns).

yevrey the Scratcher (Felid Transmuter)             Turns: 8838, Time: 00:29:53

HP:   -13/32 (33)   AC:  2    Str:  7    XL:     8   Next: 3%
MP:   16/16         EV: 19    Int: 16    God:
Gold: 206           SH:  0    Dex: 16    Spells: 7/17 levels left
                                        Lives: 0   Deaths: 2

rFire    . . .     SeeInvis +     - Unarmed
rCold    . . .     Gourm    .   (shield unavailable)
rNeg     . . .     Faith    .   (armour unavailable)
rPois    +         Spirit   .   (helmet unavailable)
rElec    .         Reflect  .   (cloak unavailable)
rCorr    .         Harm     .   (gloves unavailable)
MR       +....                  (boots unavailable)
Stlth    +++.......             (no amulet)
HPRegen  0.10/turn              n - ring of poison resistance
MPRegen  0.15/turn              (no ring)

@: about to teleport, quick
A: very small, no armour, no weapons or thrown items, stealth, claws 1, fangs 3,
see invisible, carnivore, speed 1, shaggy fur 2, slow metabolism 1, sharp paws
a: no special abilities


You were on level 7 of the Dungeon.
You were completely stuffed.

You visited 1 branch of the dungeon, and saw 7 of its levels.

You collected 206 gold pieces.

Inventory:

Jewellery
 k - an uncursed amulet of guardian spirit
 n - a ring of poison resistance (left paw)
Wands
 o - a wand of iceblast (4)
 r - a wand of polymorph (23)
 t - a wand of digging (10)
Scrolls
 a - 6 scrolls of identify
 b - a scroll of immolation {unknown}
 d - a scroll of enchant armour {unknown}
 e - a scroll of fog {unknown}
 g - 4 scrolls of amnesia
 i - 2 scrolls of remove curse {unknown}
 l - 2 scrolls of teleportation
 p - a scroll of enchant weapon {unknown}
 q - a scroll of fear {unknown}
 w - a scroll of blinking {unknown}
 y - a scroll of noise {unknown}
 A - 2 scrolls of magic mapping {unknown}
Potions
 f - a potion of resistance
 h - a potion of agility
 j - 2 potions of invisibility
 m - a potion of ambrosia {unknown}
 s - a potion of magic {unknown}
 x - a potion of cancellation {unknown}
 z - 3 potions of heal wounds {unknown}
Comestibles
 c - 9 rations
 u - a chunk of flesh


   Skills:
 + Level 1.9 Fighting
 + Level 4.0 Dodging
 + Level 4.4 Stealth
 + Level 6.3 Unarmed Combat
 + Level 5.1 Spellcasting
 + Level 5.8 Transmutations
 - Level 2.6 Ice Magic
 - Level 2.0 Poison Magic
 + Level 0.1 Evocations


You had 7 spell levels left.
You knew the following spells:

 Your Spells              Type           Power        Failure   Level  Hunger
a - Beastly Appendage     Tmut           ###...       1%          1    None
b - Sticks to Snakes      Tmut           ###.....     1%          2    #......
c - Spider Form           Tmut/Pois      ###.......   9%          3    ###....
d - Ice Form              Ice/Tmut       ###.....     26%         4    ####...

Your spell library contained the following spells:

 Spells                   Type           Power        Failure   Level  Hunger
 Blade Hands              Tmut           ###.......   36%         5    ######.


Dungeon Overview and Level Annotations

Branches:
Dungeon (7/15)
 Temple: D:4-7

Altars:
Nemelex Xobeh

Annotations:
D:7 Prince Ribbit


Innate Abilities, Weirdness & Mutations

You cannot wear armour.
You are incapable of wielding weapons or throwing items.
Your paws allow you to move quietly. (Stealth)
You have sharp claws.
You have razor-sharp teeth.
You have supernaturally acute eyesight. (SInv)
You are carnivorous and can eat meat at any time.
You cover ground quickly.
You are covered in thick fur. (AC +2)
You have a slow metabolism.
Your sharp claws are effective at attacking unaware monsters.


Message History

r - Retreat! s - Stop attacking. g - Guard the area. f - Follow me.
Anything else - Cancel.
Gang up on whom?
Press: ? - help, Dir - move target cursor, f - Prince Ribbit
Aim: Prince Ribbit (hasn't noticed you) Attack!
The freed slave hits Prince Ribbit.
Prince Ribbit hops awkwardly around.
Prince Ribbit hits the freed slave.
The freed slave hits Prince Ribbit.
As you read the scroll of teleportation, it crumbles to dust.
You feel strangely unstable.
The freed slave closely misses Prince Ribbit.
Prince Ribbit closely misses you.
The freed slave hits Prince Ribbit!
Prince Ribbit sighs, "It's not easy being green!"
Prince Ribbit hits you!
Ouch! That really hurt!
You die...

############
##..........##
##............##
#..............#
#..............#
#......p.......#
#@..p......[...#
#.F...........<#
##...)............
##..........#..#.
#####..###...##
##.# #.### #.# #.#
.# #.


You could see Prince Ribbit and 2 neutral freed slaves.

Vanquished Creatures
  Pikel (D:7)
  Edmund (D:4)
  A necrophage (D:6)
  An ogre (D:5)
  2 scorpions (D:4)
  A water moccasin skeleton (D:4)
  2 crimson imps
  A bullfrog skeleton (D:5)
  A jelly (D:6)
  3 orc priests
  A hound (D:6)
  3 orc wizards
  A centaur skeleton (D:5)
  An iguana (D:4)
  Jessica (D:3)
  Terence (D:3)
  4 worker ants
  A hound skeleton (D:5)
  3 adders
  A shadow imp (D:5)
  3 oozes
  2 worms
  A dart slug (D:2)
  4 leopard geckos
  21 orcs
  9 bats
  3 giant cockroaches
  3 goblins
  4 hobgoblins
  10 jackals (D:1)
  6 kobolds
  A quokka (D:3)
  3 frilled lizards
  3 rats
104 creatures vanquished.

Vanquished Creatures (collateral kills)
  A water moccasin (D:5)
  A jelly (D:6)
  3 worker ants
  4 adders
  An adder skeleton (D:6)
  2 worms
  2 orcs (D:5)
  A quokka skeleton (D:5)
15 creatures vanquished.

Vanquished Creatures (others)
  A slave (D:7)
  An orc (D:7)
2 creatures vanquished.

Grand Total: 121 creatures vanquished

Notes
Turn   | Place    | Note
-------+----------+-------------------------------------------
     0 | D:1      | yevrey the Felid Transmuter began the quest for the Orb.
     0 | D:1      | Reached XP level 1. HP: 9/9 MP: 4/4
   511 | D:1      | Reached XP level 2. HP: 12/12 MP: 4/6
   977 | D:1      | Reached XP level 3. HP: 11/15 MP: 4/7
  1411 | D:1      | Learned a level 2 spell: Sticks to Snakes
  1415 | D:1      | Learned a level 3 spell: Spider Form
  1907 | D:2      | Reached skill level 4 in Unarmed Combat
  2860 | D:3      | Reached skill level 1 in Stealth
  2945 | D:3      | Reached XP level 4. HP: 19/19 MP: 8/8
  2997 | D:3      | Found a sparkling altar of Nemelex Xobeh.
  2997 | D:3      | Noticed Jessica
  3006 | D:3      | Killed Jessica
  3006 | D:3      | Reached skill level 1 in Poison Magic
  3335 | D:3      | Noticed Terence
  3343 | D:3      | Killed Terence
  3343 | D:3      | Reached XP level 5. HP: 16/22 MP: 2/10
  3788 | D:5      | Entered Level 5 of the Dungeon
  4768 | D:4      | Gained mutation: You are covered in thick fur. (AC +2)
                  | [Felid growth]
  4768 | D:4      | Reached XP level 6. HP: 3/25 MP: 12/12
  5663 | D:5      | Noticed Edmund
  5901 | D:4      | Killed Edmund
  6062 | D:5      | Reached XP level 7. HP: 24/28 MP: 13/13
  6231 | D:5      | HP: 1/28 [poisoned by a worker ant]
  6233 | D:5      | Succumbed to a worker ant's poison
  6234 | D:5      | Reached XP level 6. HP: 0/25 MP: 2/12
  6245 | D:5      | Noticed a water moccasin
  6255 | D:5      | Killed a water moccasin
  6400 | D:5      | Reached skill level 5 in Unarmed Combat
  6621 | D:5      | Reached XP level 7. HP: 28/28 MP: 8/14
  6772 | D:5      | Learned a level 4 spell: Ice Form
  7779 | D:6      | Reached skill level 5 in Transmutations
  7787 | D:6      | Killed from afar by an orc priest
  7788 | D:6      | Reached XP level 6. HP: -9/25 MP: 12/13
  7982 | D:6      | Reached skill level 1 in Ice Magic
  8368 | D:6      | Reached XP level 7. HP: 6/27 MP: 13/15
  8804 | D:7      | Noticed Pikel
  8817 | D:7      | HP: 1/27 [Pikel/whip of flaming (1)]
  8819 | D:7      | Killed Pikel
  8819 | D:7      | Reached skill level 6 in Unarmed Combat
  8819 | D:7      | Reached skill level 5 in Spellcasting
  8819 | D:7      | Reached XP level 8. HP: 1/32 MP: 13/16
  8824 | D:7      | Noticed Prince Ribbit
  8838 | D:7      | Mangled by Prince Ribbit

Skill      XL: |  1  2  3  4  5  6  7 |
---------------+----------------------+-----
Unarmed Combat | 4 5 6 |  6.3
Stealth        | 1 2 3 4 |  4.4
Dodging        | 3 4 |  4.0
Poison Magic   | 1 2 |  2.0
Spellcasting   | 3 4 5 |  5.1
Transmutations | 3 4 5 |  5.8
Ice Magic      | 1 2 |  2.6
Fighting       | |  1.9
Evocations     | |  0.1

Action                   |  1- 3 |  4- 6 |  7- 9 || total
-------------------------+-------+-------+-------++-------
Melee: Unarmed           |   134 |   174 |    63 ||   371
       Bite              |    12 |     9 |       ||    21
       Headbutt          |    12 |     7 |       ||    19
       Punch             |     2 |     1 |       ||     3
 Cast: Beastly Appendage |    24 |    11 |       ||    35
       Sticks to Snakes  |     6 |    33 |    18 ||    57
       Spider Form       |       |    17 |    11 ||    28
Evoke: Wand              |       |     1 |     2 ||     3
  Use: Scroll            |     3 |     3 |     4 ||    10
       Potion            |     1 |     2 |     2 ||     5
 Stab: Sleeping          |     5 |     3 |     1 ||     9
       Distracted        |       |       |     1 ||     1
  Eat: Chunk             |    11 |    23 |     4 ||    38
Armor: Skin              |     7 |     3 |     2 ||    12
Dodge: Dodged            |   116 |   145 |    49 ||   310
